 Dungeon Crawl Stone Soup version 0.22-a0-617-g6d95e9e (webtiles) character file.

8 iamserjio the Chopper (level 2, 0/42 HPs)
             Began as a Naga Berserker on July 12, 2018.
             Was a Follower of Trog.
             Slain by a bat (1 damage)
             ... on level 1 of the Dungeon.
             The game lasted 00:00:40 (67 turns).

iamserjio the Chopper (Naga Berserker)                Turns: 67, Time: 00:00:40

Health: 0/42       AC:  1    Str: 24    XL:     2   Next: 8%
Magic:  2/2        EV: 10    Int:  7    God:    Trog [*.....]
Gold:   0          SH:  0    Dex: 10    Spells: 1/1 levels left

rFire    . . .     SeeInvis +   a - +0 hand axe
rCold    . . .     Gourm    .   (no shield)
rNeg     . . .     Faith    .   b - +0 animal skin
rPois    +         Spirit   .   (no helmet)
rElec    .         Reflect  .   (no cloak)
rCorr    .         Harm     .   (no gloves)
MR       .....                  (no barding)
Stlth    ..........             (no amulet)
HPRegen  0.14/turn              (no ring)
MPRegen  0.08/turn              (no ring)

@: berserking, quick
A: large, see invisible, deformed body, poison resistance, slowness 2, slow
metabolism 1, spit poison 1, AC +0
a: Spit Poison, Berserk, Renounce Religion


You were on level 1 of the Dungeon.
You worshipped Trog.
Trog was aware of your devotion.
You were not hungry.

You visited 1 branch of the dungeon, and saw 1 of its levels.

Inventory:

Hand Weapons
 a - a +0 hand axe (weapon)
Armour
 b - a +0 animal skin (worn)
Potions
 d - 2 potions of flight {unknown}
Comestibles
 c - a ration
 f - 4 chunks of flesh


   Skills:
 + Level 3.1 Fighting
 * Level 3.2 Axes
 + Level 1.7 Armour
 - Level 1.5 Dodging
 + Level 1.0 Stealth


You had one spell level left.
You didn't know any spells.
Your spell library was empty.

Dungeon Overview and Level Annotations

Branches:
Dungeon (1/15)

Altars:


Innate Abilities, Weirdness & Mutations

You cannot wear boots.
Your serpentine skin is tough. (AC +0)
You have supernaturally acute eyesight. (SInv)
Armour fits poorly on your strangely shaped body.
Your system is resistant to poisons. (rPois)
You cover ground very slowly.
You have a slow metabolism.
You can spit poison.


Message History

The frilled lizard bites you.
* * * LOW HITPOINT WARNING * * *
You hit the frilled lizard.
You kill the frilled lizard!
Trog accepts your kill.
You have reached level 2!
A bat comes into view.
A red film seems to cover your vision as you go berserk!
You feel yourself moving faster!
You feel mighty!
You feel quite a bit more hungry.
You have got your breath back.
The jackal bites you.
* * * LOW HITPOINT WARNING * * *
You barely miss the jackal. The jackal closely misses you.
You slash the jackal!
You kill the jackal!
Trog accepts your kill.
Your Stealth skill increases to level 1!
You barely miss the bat. The bat hits you.
You die...

#..... ...#
####+###..... ....#
......##....# #...
......##....# #..## #
.)....##....# #...##..
####..##....# #........
# ##.##....####...##...
# #......†.)..b.).....
######..##'#####@....##
##...........# #.†...#
##.##.#......# #.....#
# #.#......# #........
..#..#.### #...#.###
#.##..#.# #....... ..
...#.# #.#.#.... ##
.##.#.# #.#.##### ..
..#.#


You could see a bat.

Vanquished Creatures
  2 goblins (D:1)
  2 hobgoblins (D:1)
  A jackal (D:1)
  A bat (D:1)
  A frilled lizard (D:1)
7 creatures vanquished.

Notes
Turn   | Place    | Note
-------+----------+-------------------------------------------
     0 | D:1      | iamserjio the Naga Berserker began the quest for the Orb.
     0 | D:1      | Reached XP level 1. HP: 21/21 MP: 1/1
    63 | D:1      | HP: 1/21 [frilled lizard (2)]
    64 | D:1      | Reached XP level 2. HP: 2/28 MP: 2/2
    67 | D:1      | Reached skill level 1 in Stealth
    67 | D:1      | Slain by a bat

Vault maps used:
D:1:      onia_arrival_pentagram

Skill      XL: |  1  2 |
---------------+-------+-----
Stealth        | 1 |  1.0
Fighting       | |  3.1
Axes           | |  3.2
Armour         | |  1.7
Dodging        | |  1.5

Action                   || total
-------------------------++-------
Melee: Hand axe          ||    19
Invok: Berserk           ||     1
 Abil: Spit Poison       ||     2
Armor: Animal skin       ||     3
Dodge: Dodged            ||    10

Table legend:
 A = Spawn XP
 B = Non-spawn XP
 C = Spawn XP percentage of total XP
 D = Spawn monster count
 E = Non-spawn monster count
 F = Spawn count percentage of total count
 G = Total turns spent on level
                    A         B        C        D         E        F      G
               +---------+---------+-------+---------+---------+-------+---------
         Total |       0 |      12 |   0.0 |       0 |       7 |   0.0 |    67
               +---------+---------+-------+---------+---------+-------+---------
           D:1 |       0 |      12 |   0.0 |       0 |       7 |   0.0 |    67
               +---------+---------+-------+---------+---------+-------+---------
